 Dungeon Crawl Stone Soup version 0.27-a0-1136-g0b992a5a9d (webtiles) character file.

Game seed: 10049628706555057824

269 porpoise the Magician (level 6, -7/47 HPs)
             Began as a Djinni Venom Mage on May 6, 2021.
             Mangled by Menkaure (15 damage)
             ... on level 4 of the Dungeon.
             The game lasted 00:10:07 (3534 turns).

porpoise the Magician (Djinni Venom Mage)           Turns: 3534, Time: 00:10:08

Health: -7/47      AC:  7    Str:  7    XL:     6   Next: 22%
Gold:   157        EV: 12    Int: 19    God:
                   SH:  0    Dex: 13

rFire    + . .     SeeInvis .   a - +0 dagger (protect)
rCold    . . .     Faith    .   (no shield)
rNeg     . . .     Spirit   .   c - +0 robe
rPois    ∞         Reflect  .   u - +2 helmet
rElec    .         Harm     .   (no cloak)
rCorr    .         Rampage  .   p - +1 pair of gloves
Will     .....                  (boots unavailable)
Stlth    ++........             (no amulet)
HPRegen  0.15/turn              h - ring of ice
MPRegen  0.00/turn              (no ring)

@: flying
A: sickness immunity, fire resistance 2, cold vulnerability 1, float, innate
caster, hp casting, extra vitality 1
a: no special abilities


You were on level 4 of the Dungeon.
You visited 1 branch of the dungeon, and saw 4 of its levels.

You collected 169 gold pieces.
You spent 12 gold pieces at shops.

Inventory:

Hand Weapons
 a - a +0 dagger of protection (weapon)
Missiles
 b - 85 stones (quivered)
 t - 18 bolts
 v - 37 sling bullets
Armour
 c - a +0 robe (worn)
 p - a +1 pair of gloves (worn)
 u - a +2 helmet (worn)
Magical Staves
 s - a staff of earth
Jewellery
 h - a ring of ice (left hand)
Wands
 l - a wand of flame (28)
Scrolls
 d - a scroll of teleportation {unknown}
 e - a scroll of enchant armour {unknown}
 j - a scroll of fear {unknown}
 k - a scroll of brand weapon {unknown}
 q - a scroll of immolation {unknown}
 r - a scroll of magic mapping {unknown}
 w - a scroll of torment {unknown}
 x - a scroll of holy word {unknown}
Potions
 f - 2 potions of brilliance
 i - a potion of lignification
 m - a potion of attraction
 n - a potion of berserk rage {unknown}
 o - a potion of mutation {unknown}


   Skills:
 + Level 4.0 Fighting
 - Level 2.1 Dodging
 - Level 1.5 Stealth
 + Level 4.4 Spellcasting


You couldn't memorise any spells.
You knew the following spells:

 Your Spells              Type           Power      Damage    Failure   Level
a - Sting                 Tmut/Pois      84%        1d7       1%          1
i - Ignite Poison         Fire/Tmut/Pois 21%        N/A       6%          3
m - Mephitic Cloud        Conj/Pois/Air  21%        N/A       6%          3
n - Pain                  Necr           84%        1d8       1%          1
o - Olgreb's Toxic Radia  Pois           21%        N/A       21%         4
s - Static Discharge      Conj/Air       21%        N/A       3%          2
v - Poisonous Vapours     Pois/Air       42%        N/A       3%          2
Your spell library was empty.

Dungeon Overview and Level Annotations

Branches:
Dungeon (4/15)
 Temple: D:4-7

Altars:

Shops:
D:1 !

Annotations:
D:4 Menkaure


Innate Abilities, Weirdness & Mutations

You are immune to sickness and miasma.
You are immune to poison.
Your flesh is very heat resistant. (rF++)
You are vulnerable to cold. (rC-)
You float through the air rather than walking.
You learn spells naturally, not from books.
Your magical power is your life essence.
You have superior vitality. (+4 HP)


Message History

f - 2 potions of brilliance
As you read the scroll of identify, it crumbles to dust.
i - a potion of lignification
As you read the scroll of identify, it crumbles to dust.
m - a potion of attraction
v - 37 sling bullets (gained 15) Menkaure, Prince of Dust comes into view.
Menkaure shouts!
You see here 15 stones.
Menkaure gestures wildly while chanting.
Menkaure seems to speed up.
Menkaure murmurs, "It doesn't hurt if you pull your brain out of your nose yourself."
Found a quarterstaff.
Menkaure hits you!
You see here a quokka corpse.
Casting: Sting (safe; 1% risk of failure)
Confirm with . or Enter, or press ? or * to list all spells.
Aiming: Sting (safe; 1% risk of failure)
Press: ? - help, Shift-Dir - straight line, f - Menkaure
Aim: Menkaure (fast, 89% to hit)
Okay, then.
Unknown command.
Casting: Sting (safe; 1% risk of failure)
Confirm with . or Enter, or press ? or * to list all spells.
Menkaure is struck by an arc of lightning!
Menkaure is moderately damaged.
You are struck by an arc of lightning.
Menkaure is struck by an arc of lightning!
Menkaure is severely damaged.
The lightning grounds out.
Menkaure hits you.
Casting: Static Discharge (safe; 3% risk of failure)
Confirm with . or Enter, or press ? or * to list all spells.
Menkaure is struck by an arc of lightning.
Menkaure is almost destroyed.
You are struck by an arc of lightning.
The lightning grounds out.
Menkaure gestures at you while chanting.
Pain shoots through your body!
* * * LOW HITPOINT WARNING * * *
Menkaure hits you!
You die...

#... #).. . #...
.####
...###+#.....
..........#
.........#
########M.......#
#.......@.$.....#
.#####.........#
#...<.........#
###.....(.....#
####........#
##########


You could see Menkaure (fast).

Vanquished Creatures
  A black bear (D:3)
  Natasha (thrice) (D:2)
  4 gnolls (D:3)
  2 adders
  A worm (D:3)
  A dart slug (D:2)
  2 endoplasms (D:2)
  3 giant cockroaches
  4 hobgoblins
  2 jackals (D:2)
  2 quokkas
  9 ball pythons
  8 bats
  3 frilled lizards
  3 goblins
  5 kobolds
  2 rats
55 creatures vanquished.

Notes
Turn   | Place    | Note
-------+----------+-------------------------------------------
     0 | D:1      | porpoise the Djinni Venom Mage began the quest for the Orb.
     0 | D:1      | Reached XP level 1. HP: 15/15 MP: 0/0
    25 | D:1      | Found Roucegg's Distillery.
    32 | D:1      | Bought a potion of degeneration for 12 gold pieces
   296 | D:1      | Found a faded altar of an unknown god.
   540 | D:1      | Reached skill level 1 in Fighting
   540 | D:1      | Reached XP level 2. HP: 21/22 MP: 0/0
   814 | D:2      | Noticed Natasha
   823 | D:2      | Killed Natasha
   824 | D:2      | Reached XP level 3. HP: 17/28 MP: 0/0
   824 | D:2      | Learned a level 1 spell: Pain
   962 | D:2      | Noticed Natasha
   966 | D:2      | Killed Natasha
   967 | D:2      | Reached XP level 4. HP: 24/34 MP: 0/0
  1191 | D:2      | Noticed Natasha
  1200 | D:2      | Killed Natasha
  2483 | D:3      | Reached XP level 5. HP: 34/40 MP: 0/0
  2483 | D:3      | Learned a level 2 spell: Static Discharge
  3001 | D:3      | Noticed a black bear
  3005 | D:3      | Killed a black bear
  3006 | D:3      | Reached XP level 6. HP: 37/47 MP: 0/0
  3526 | D:4      | Noticed Menkaure
  3534 | D:4      | Mangled by Menkaure

Illustrated notes

Levels and vault maps discovered:
D:1:      scummos_arrival_simple_fountains, layout_basic, serial_shops,
          shop_fountains, hellmonk_ecumenical_altar_inner_sanctum,
          minmay_pentomino_t2
D:2:      layout_basic, uniq_natasha
D:3:      layout_loops_ring
D:4:      minmay_chambers_of_twos, layout_basic, lemuel_round_altar,
          gammafunk_temple_overflow_elements, minmay_temple_entry_grid,
          uniq_menkaure, uniq_eustachio

Skill      XL: |  1  2  3  4  5 |
---------------+----------------+-----
Fighting       | 1 2 3 4 |  4.0
Spellcasting   | 3 4 |  4.4
Dodging        | |  2.1
Stealth        | |  1.5

Action                   |  1- 3 |  4- 6 || total
-------------------------+-------+-------++-------
Melee: Dagger            |    25 |    24 ||    49
Throw: Stone             |       |     1 ||     1
 Cast: Sting             |    19 |    39 ||    58
       Poisonous Vapours |     1 |    14 ||    15
       Pain              |       |    10 ||    10
       Ignite Poison     |       |     8 ||     8
       Static Discharge  |       |     3 ||     3
  Use: Scroll            |       |     3 ||     3
 Stab: Sleeping          |       |     1 ||     1
Armor: Robe              |    15 |    11 ||    26
Dodge: Dodged            |    15 |    22 ||    37

Table legend: (Time is in decaauts)
 A = Elapsed time spent in this place.
 B = Non-inter-level travel time spent in this place.
 C = Inter-level travel time spent in this place.
 D = Time resting spent in this place.
 E = Time spent auto-exploring this place.
 F = Levels seen in this place.
 G = Mean time per level.
                   A        B        C        D        E       F      G
               +--------+--------+--------+--------+--------+-----+--------+
         Total |   3532 |   3475 |     57 |   1455 |   1537 |   4 |  883.0 |
       Dungeon |   3532 |   3475 |     57 |   1455 |   1537 |   4 |  883.0 |
               +--------+--------+--------+--------+--------+-----+--------+

Top non-repeatable levels by time:
     D:2: 1628 daAuts
     D:3: 1031 daAuts
     D:1: 813 daAuts
     D:4: 58 daAuts
